 Dungeon Crawl Stone Soup version 0.23.2-1-ga50397a6bc (webtiles) character file.

Game seed: 17605942631806947342

429 Revguard the Chopper (level 6, -2/56 HPs)
             Began as a Deep Dwarf Fighter on Apr 25, 2019.
             Slain by an ogre
             ... wielding a +0 giant club
              (14 damage)
             ... on level 4 of the Dungeon.
             The game lasted 00:10:13 (2903 turns).

Revguard the Chopper (Deep Dwarf Fighter)           Turns: 2903, Time: 00:10:13

Health: -2/56      AC: 14    Str: 20    XL:     6   Next: 66%
Magic:  5/5        EV:  6    Int:  8    God:
Gold:   210        SH: 10    Dex: 14    Spells: 5/5 levels left

rFire    . . .     SeeInvis .   a - +0 war axe
rCold    . . .     Gourm    .   c - +0 shield
rNeg     . . .     Faith    .   l - +0 chain mail
rPois    .         Spirit   .   (no helmet)
rElec    .         Reflect  .   (no cloak)
rCorr    .         Harm     .   x - +0 pair of gloves
MR       .....                  (no boots)
Stlth    ..........             (no amulet)
HPRegen  0.00/turn              r - +4 ring of protection
MPRegen  0.09/turn              s - ring of wizardry

@: non-regenerating
A: damage resistance, heal wounds, sense surroundings 1, no regeneration
a: Heal Wounds


You were on level 4 of the Dungeon.
You were not hungry.

You visited 1 branch of the dungeon, and saw 4 of its levels.

You collected 210 gold pieces.

Inventory:

Hand Weapons
 a - a +0 war axe (weapon)
Missiles
 u - 5 silver tomahawks (quivered)
Armour
 c - a +0 shield (worn)
 j - a +0 large shield
 l - a +0 chain mail (worn)
 x - a +0 pair of gloves (worn)
Jewellery
 r - a +4 ring of protection (left hand)
 s - a ring of wizardry (right hand)
Wands
 b - a wand of polymorph (3)
Scrolls
 e - 3 scrolls of fog {unknown}
 g - 6 scrolls of identify {unknown}
 h - 2 scrolls of enchant armour {unknown}
 k - 3 scrolls of enchant weapon {unknown}
 m - a scroll of blinking {unknown}
 n - 4 scrolls of teleportation {unknown}
 o - a scroll of noise {unknown}
 p - 2 scrolls of remove curse {unknown}
 q - a scroll of magic mapping {unknown}
Potions
 d - 2 potions of might
 i - a potion of curing
 t - a potion of magic {unknown}
 w - a potion of ambrosia {unknown}
Comestibles
 f - 6 rations
 v - 7 chunks of flesh


   Skills:
 + Level 3.4 Fighting
 + Level 5.4 Axes
 + Level 4.1 Armour
 + Level 1.1 Dodging
 + Level 4.6 Shields
 * Level 2.8 Evocations


You had 5 spell levels left.
You didn't know any spells.
Your spell library was empty.

Dungeon Overview and Level Annotations

Branches:
Dungeon (4/15)
 Temple: D:4-7

Altars:


Innate Abilities, Weirdness & Mutations

You are resistant to damage.
You can heal yourself by infusing magical energy.
You passively map a small area around you.
You do not regenerate.


Message History

The ogre hits you with a +0 giant club!!
* * * LOW HITPOINT WARNING * * *
Your chain mail prevents you from hitting the ogre.
The ogre hits you with a +0 giant club!
* * * LOW HITPOINT WARNING * * *
Your magical essence is drained by the effort!
You feel much better. You block the ogre's attack.
Your shield and chain mail prevent you from hitting the ogre.
The ogre hits you with a +0 giant club.
You slash the ogre!
The ogre is moderately wounded.
You block the ogre's attack.
You hit the ogre.
The ogre is heavily wounded.
The ogre hits you with a +0 giant club!
* * * LOW HITPOINT WARNING * * *
You hit the ogre.
The ogre is heavily wounded.
The ogre hits you with a +0 giant club!
You die...

....# , * ....# , ..... * ,
....# ...#. , ##..# #...#
*### ..#.## *....###.. , ,
#....### * #...... ,
###....## .....# ,, #.##..##
* #.O.# ###....[.#### #.@.##
* .#######....###....# #.#
.### #...........### #.# ...#
###..##...#...###.# ##.##
#.......#.......# #..##
#..###...#..###.## ##..#
##.........#.# #..#
##.####..####.....^###.†#####
#.))##.## #.###.....)<....#


You could see an ogre.

Vanquished Creatures
  A phantom (D:4)
  A gnoll shaman (D:4)
  2 orc priests (D:4)
  3 orc wizards (D:4)
  5 gnolls (D:4)
  3 adders
  An ooze (D:3)
  2 worms
  2 dart slugs
  A leopard gecko (D:1)
  13 orcs (D:4)
  A ball python (D:1)
  4 giant cockroaches
  7 goblins
  6 hobgoblins
  2 jackals (D:1)
  3 quokkas
  10 bats
  4 frilled lizards
  8 kobolds
  7 rats
86 creatures vanquished.

Notes
Turn   | Place    | Note
-------+----------+-------------------------------------------
     0 | D:1      | Revguard the Deep Dwarf Fighter began the quest for the
                  | Orb.
     0 | D:1      | Reached XP level 1. HP: 20/20 MP: 1/1
    46 | D:1      | Reached XP level 2. HP: 24/27 MP: 2/2
   287 | D:1      | Reached skill level 3 in Axes
   440 | D:1      | Reached XP level 3. HP: 26/33 MP: 3/3
   842 | D:2      | Found a faded altar of an unknown god.
  1264 | D:2      | Reached XP level 4. HP: 29/40 MP: 4/4
  2490 | D:4      | Reached skill level 4 in Axes
  2554 | D:4      | Noticed a phantom
  2587 | D:4      | Reached XP level 5. HP: 16/49 MP: 5/5
  2597 | D:4      | Reached skill level 1 in Evocations
  2650 | D:4      | Killed a phantom
  2650 | D:4      | Reached skill level 1 in Dodging
  2650 | D:4      | Reached XP level 6. HP: 28/56 MP: 5/5
  2677 | D:4      | Reached skill level 5 in Axes
  2903 | D:4      | Slain by an ogre

Skill      XL: |  1  2  3  4  5  6 |
---------------+-------------------+-----
Axes           | 3 4 5 |  5.4
Shields        | 4 |  4.6
Fighting       | 3 |  3.4
Evocations     | 2 |  2.8
Dodging        | 1 |  1.1
Armour         | 4 |  4.1

Action                   |  1- 3 |  4- 6 || total
-------------------------+-------+-------++-------
Melee: War axe           |   135 |   148 ||   283
Throw: Tomahawk          |       |     1 ||     1
 Abil: Heal Wounds       |       |     4 ||     4
  Use: Potion            |     4 |       ||     4
  Eat: Chunk             |     1 |     6 ||     7
Armor: Scale mail        |    61 |     3 ||    64
       Chain mail        |       |   100 ||   100
Dodge: Dodged            |    53 |    46 ||    99
Block: Shield            |    96 |   104 ||   200
